 Dungeon Crawl Stone Soup version 0.31-a0-1074-g0b22e4e0f1 (webtiles) character file.

Game seed: 398421511378601320

850 Jeffwins the Shooter (level 8, -2/37 HPs)
             Began as a Vine Stalker Hexslinger on Dec 6, 2023.
             Was an Initiate of Gozag.
             Slain by a black bear (3 damage)
             ... on level 5 of the Dungeon.
             The game lasted 00:05:43 (3207 turns).

Jeffwins the Shooter (Vine Stalker Hexslinger)      Turns: 3207, Time: 00:05:44

Health: -2/37      AC:  2    Str: 10    XL:     8   Next: 1%
Magic:  0/10       EV: 12    Int: 15    God:    Gozag
Gold:   296        SH:  0    Dex: 18    Spells: 5/9 levels left

rFire   . . .        a - +1 sling
rCold   . . .        (no shield)
rNeg    . . .        c - +0 robe
rPois   +            (no helmet)
rElec   .            (no cloak)
rCorr   .            (no gloves)
SInv    .            (no boots)
Will    +....        (no amulet)
Stlth   ++           Y - +4 ring of slaying
HPRegen 1.06/turn    P - ring of poison resistance
MPRegen 0.12/turn

%: guardian spirit
@: gold aura
A: fangs 3, regeneration 1, magic shield, antimagic bite, no potion heal 2
a: Renounce Religion, Potion Petition, Call Merchant, Bribe Branch


You were on level 5 of the Dungeon.
You worshipped Gozag.
Gozag was aware of your devotion.
You visited 2 branches of the dungeon, and saw 6 of its levels.

You collected 319 gold pieces.
You paid 23 gold pieces to Gozag.


Innate Abilities, Weirdness & Mutations

You have razor-sharp teeth.
Your natural rate of healing is unusually fast.
When hurt, damage is shared between your health and your magic reserves.
Your bite disrupts and absorbs the magic of your enemies.
Potions cannot restore your health.


   Skills:
 - Level 0.8 Fighting
 * Level 5.7 Ranged Weapons
 - Level 1.5 Dodging
 - Level 1.1 Spellcasting
 * Level 5.3 Hexes
 * Level 4.2 Translocations
 - Level 1.0 Fire Magic


You had 5 spell levels left.
You knew the following spells:

 Your Spells              Type           Power      Damage    Failure   Level
z - Dimensional Bullseye  Hex/Tloc       7%         N/A       34%         4

Your spell library contained the following spells:

 Spells                   Type           Power      Damage    Failure   Level
 Jinxbite                 Hex            32%        N/A       4%          2
 Sigil of Binding         Hex            16%        N/A       9%          3
 Inner Flame              Hex/Fire       10%        N/A       21%         3
 Sandblast                Erth           0%         2d4       24%         1
 Cause Fear               Hex            8%         N/A       26%         4
 Passwall                 Tmut/Erth      0%         N/A       36%         2
 Stone Arrow              Conj/Erth      0%         3d7       58%         3
 Brom's Barrelling Bould  Conj/Erth      0%         2d3       94%         4

Inventory:

Hand Weapons
 a - a +1 sling (weapon)
 l - a +2 spectral club
 n - a +2 heavy hand axe
Missiles
 r - 5 poisoned darts
Armour
 c - a +0 robe (worn)
Jewellery
 C - a ring of ice
 P - a ring of poison resistance (right hand)
 Y - a +4 ring of slaying (left hand)
Scrolls
 b - 2 scrolls of poison {!r}
 f - 3 scrolls of immolation {unknown}
 g - a scroll of vulnerability {unknown}
 i - 2 scrolls of identify {unknown}
 j - a scroll of fear {unknown}
 m - a scroll of blinking {unknown}
 q - a scroll of enchant weapon {unknown}
Potions
 d - 3 potions of magic {unknown}
 e - 3 potions of curing {unknown}
 h - a potion of heal wounds {unknown}
 k - a potion of enlightenment {unknown}
 o - 2 potions of degeneration {unknown}
 p - a potion of mutation {unknown}
 s - 2 potions of berserk rage {unknown}

Dungeon Overview and Level Annotations

Branches:
Dungeon (5/15)             Temple (1/1) D:4

Altars:
Cheibriados
Dithmenos
Elyvilon
Fedhas
Gozag
Hepliaklqana
Kikubaaqudgha
Nemelex Xobeh
Okawaru
Qazlal
Ru
Trog
Uskayaw
Vehumet
Wu Jian
Yredelemnul
Zin
The Shining One

Shops:
D:3

:
▓..▒▒▒▒........#......
▓.............##.....
▓.....).......##...#
▓▓▓▓▓▓.........#...#
▓▓▓▓▓▓.............#
........####.......#
........# #.).....#
######### #.......#
#....@..# #...$h..#
#.......# #.$$o$###
#....$# #......
##..... .$....


You could see a black bear (berserk) and an orc wizard.


Message History

* * * LOW HITPOINT WARNING * * *
The black bear claws you.
* * * LOW HITPOINT WARNING * * *
The black bear claws you.
* * * LOW HITPOINT WARNING * * *
You are too injured to fight recklessly!
You are too injured to fight recklessly!
Unknown command.
You aren't carrying any items that you can evoke.
Unknown command.
Okay, then.
You shoot a sling bullet. The sling bullet hits the black bear.
The black bear is almost dead.
The black bear bites you.
* * * LOW HITPOINT WARNING * * *
The black bear barely misses you. The black bear claws you.
* * * LOW HITPOINT WARNING * * *
The orc wizard is distracted by your dazzling golden aura.
Unknown command.
You shoot a sling bullet.
The sling bullet closely misses the black bear.
The orc wizard shouts!
The black bear bites you but does no damage.
The black bear claws you.
* * * LOW HITPOINT WARNING * * *
The black bear barely misses you. The black bear bites you.
* * * LOW HITPOINT WARNING * * *
The black bear claws you.
You die...
Your body crumbles into a pile of gold.

Skill      XL: |  1  2  3  4  5  6  7 |
---------------+----------------------+-----
Ranged Weapons | 2 3 4 5 |  5.7
Translocations | 1 2 3 4 |  4.2
Hexes          | 4 5 |  5.3
Fighting       | |  0.8
Dodging        | |  1.5
Spellcasting   | |  1.1
Fire Magic     | |  1.0

Action                     |  1- 3 |  4- 6 |  7- 9 || total
---------------------------+-------+-------+-------++-------
   Fire: Sling             |    91 |   147 |    87 ||   325
    Use: Potion            |     1 |       |       ||     1
 Armour: Robe              |    22 |    49 |    53 ||   124
         Skin              |    21 |       |       ||    21
  Dodge: Dodged            |    18 |    50 |    42 ||   110

Levels and vault maps discovered:
D:1:      dpeg_arrival_tiny_c, layout_rooms, hex_tiny
D:2:      layout_basic, serial_bayou, serial_bayou_pond_a, serial_bayou_pond_b,
          serial_bayou_pond_d, serial_bayou_pond_d
D:3:      layout_loops_ring, hellmonk_ecumenical_altar_dog_temple, serial_shops,
          nicolae_shop_competitors_out_of_business, kennysheep_generic_room_4,
          uniq_jessica, uniq_natasha
D:4:      layout_loops_cross, lemuel_tele_altar, mainiacjoe_overflow_two_lobes,
          minmay_temple_entry_grid
D:5:      wander_river, layout_basic, mainiacjoe_overflow_chevrons
Temple:   zaba_magenta_temple

Notes
Turn   | Place    | Note
-------+----------+-------------------------------------------
     0 | D:1      | Jeffwins the Vine Stalker Hexslinger began the quest for
                  | the Orb.
     0 | D:1      | Reached XP level 1. HP: 9/9 MP: 3/3
    46 | D:1      | Reached skill level 2 in Ranged Weapons
    71 | D:1      | Reached XP level 2. HP: 14/14 MP: 4/4
   176 | D:1      | Reached skill level 3 in Ranged Weapons
   229 | D:1      | Reached XP level 3. HP: 17/17 MP: 5/5
   774 | D:2      | Reached XP level 4. HP: 13/21 MP: 3/6
   827 | D:2      | Learned a level 4 spell: Dimensional Bullseye
  1219 | D:3      | Reached skill level 4 in Ranged Weapons
  1244 | D:3      | Found a faded altar of an unknown god.
  1360 | D:3      | Found Xisuf Zyl's Book Shoppe.
  1368 | D:3      | Noticed Jessica
  1370 | D:3      | Killed Jessica
  1371 | D:3      | Reached skill level 1 in Translocations
  1371 | D:3      | Reached XP level 5. HP: 17/25 MP: 4/7
  1608 | D:3      | Noticed Natasha
  1621 | D:3      | Killed Natasha
  1952 | D:3      | Noticed Natasha
  1956 | D:3      | Killed Natasha
  1975 | D:3      | Noticed Natasha
  1990 | D:3      | Killed Natasha
  2077 | D:4      | Noticed a black bear
  2085 | D:4      | Killed a black bear
  2086 | D:4      | Reached skill level 4 in Hexes
  2086 | D:4      | Reached skill level 2 in Translocations
  2086 | D:4      | Reached XP level 6. HP: 25/29 MP: 6/8
  2166 | D:4      | Found a white marble altar of Elyvilon.
  2207 | D:4      | Found a snail-covered altar of Cheibriados.
  2317 | D:4      | Found a staircase to the Ecumenical Temple.
  2325 | Temple   | Entered the Ecumenical Temple
  2342 | Temple   | Became a worshipper of Gozag Ym Sagoz the Greedy
  2458 | D:4      | Found a sacrificial altar of Ru.
  2514 | D:4      | Reached skill level 3 in Translocations
  2620 | D:4      | Reached skill level 5 in Ranged Weapons
  2620 | D:4      | Reached XP level 7. HP: 32/32 MP: 9/9
  2893 | D:5      | Entered Level 5 of the Dungeon
  3012 | D:5      | Found a stormy altar of Qazlal.
  3075 | D:5      | Reached skill level 5 in Hexes
  3085 | D:5      | Reached skill level 4 in Translocations
  3196 | D:5      | Gained mutation: You have razor-sharp teeth. [Vine Stalker
                  | growth]
  3196 | D:5      | Reached XP level 8. HP: 37/37 MP: 10/10
  3207 | D:5      | HP: 1/37 [black bear (3)]
  3207 | D:5      | Slain by a black bear

Vanquished Creatures
  A black bear (D:4)
  An ice beast (D:5)
  An ogre (D:5)
  A phantom (D:5)
  A scorpion (D:4)
  A howler monkey (D:5)
  A jelly (D:5)
  A hound (D:5)
  2 orc priests
  Jessica (D:3)
  Natasha (thrice) (D:3)
  9 adders
  2 ufetubi (D:5)
  2 worms (D:2)
  3 dart slugs
  6 orcs
  8 ball pythons
  4 endoplasms
  A giant cockroach (D:3)
  12 goblins
  5 hobgoblins (D:2)
  7 jackals
  6 quokkas
  9 bats
  4 frilled lizards
  6 kobolds
  5 rats
103 creatures vanquished.

Table legend: (Time is in decaauts)
 A = Elapsed time spent in this place.
 B = Non-inter-level travel time spent in this place.
 C = Inter-level travel time spent in this place.
 D = Time resting spent in this place.
 E = Time spent auto-exploring this place.
 F = Levels seen in this place.
 G = Mean time per level.
                   A        B        C        D        E       F      G
               +--------+--------+--------+--------+--------+-----+--------+
         Total |   3273 |   2912 |    361 |     16 |   2285 |   6 |  545.5 |
       Dungeon |   3236 |   2907 |    329 |     16 |   2285 |   5 |  647.2 |
        Temple |     37 |      5 |     32 |      0 |      0 |   1 |   37.0 |
               +--------+--------+--------+--------+--------+-----+--------+

Top non-repeatable levels by time:
     D:3: 936 daAuts
     D:4: 863 daAuts
     D:2: 573 daAuts
     D:1: 539 daAuts
     D:5: 323 daAuts
  Temple: 37 daAuts

Table legend:
 A = Non-vault XP
 B = Vault XP
 C = Vault XP percentage of total XP
 D = Non-vault monster count
 E = Vault monster count
 F = Vault count percentage of total count
                 A         B        C        D         E       F
            +---------+---------+-------+---------+---------+-------
      Total |    1101 |     114 |   9.4 |      91 |      12 |  11.7
            +---------+---------+-------+---------+---------+-------
        D:1 |      41 |       0 |   0.0 |      24 |       0 |   0.0
        D:2 |      25 |      33 |  56.9 |      11 |       6 |  35.3
        D:3 |     105 |      81 |  43.5 |      15 |       6 |  28.6
        D:4 |     336 |       0 |   0.0 |      21 |       0 |   0.0
        D:5 |     594 |       0 |   0.0 |      20 |       0 |   0.0
            +---------+---------+-------+---------+---------+-------
